Marlies vs Senators
Created - May 8, 2023 at 19:05
Goals
|
| Marlies |
1 |
2 |
0 |
3 |
| Senators |
2 |
2 |
1 |
5 |
|
Shots
|
| Marlies |
12 |
12 |
0 |
24 |
| Senators |
13 |
12 |
13 |
38 |
|
1st period
1. Senators , Zachary Sanford 53 (Christoph Bertschy 57, Keegan Lowe 31) at 9:09
2. Senators , Zemgus Girgensons 21 (Jacob De La Rose 35) at 10:58 (PP)
3. Marlies , Logan Brown 19 (Martin Necas 31, Dennis Gilbert 7) at 11:53
Penalties :
Mason Geertsen (Bel) for Hooking (Minor) at 2:16, Nicholas Baptiste (Tor) for Holding Stick (Minor) at 10:37
2nd period
4. Senators , Christoph Bertschy 37 (Joonas Lyytinen 14, Nikita Nesterov 18) at 7:57 (PP)
5. Senators , Jacob De La Rose 21 (Mason Geertsen 16) at 10:19
6. Marlies , Aleksi Saarela 28 (Nicholas Baptiste 58, Tyler Benson 22) at 11:37 (PP)
7. Marlies , Martin Necas 16 (Logan Brown 24) at 17:49
Penalties :
Dennis Gilbert (Tor) for Interference (Minor) at 7:13, Grant Besse (Bel) for High sticking (Minor) at 11:21, Nikita Nesterov (Bel) for Holding (Minor) at 14:48, Nikita Nesterov (Bel) for Tripping (Minor) at 19:24
3rd period
8. Senators , Dmitry Sinitsyn 8 (Tyler Pitlick 45, Zachary Sanford 65) at 4:43 (PP)
Penalties :
Logan Brown (Tor) for Holding (Minor) at 2:52, Zemgus Girgensons (Bel) for Tripping (Minor) at 7:17
Goalie Stats
Charlie Lindgren (Tor), 33 saves from 38 shots - (0.868), L, 25-15-3, 60:00 minutes
Garret Sparks (Bel), 21 saves from 24 shots - (0.875), W, 23-18-7, 60:00 minutes
Players Stats for Marlies
Player Name G A P +/- PIM S H SB GA TA FO MP PP MP PK MP
------------------------------------------------------------------------------------
Aleksi Saarela 1 0 1 -2 0 4 1 0 3 1 18/37 22:57 4:26 2:09
Alex Formenton 0 0 0 2 0 1 1 0 0 0 2/2 16:39 3:23 0:33
Brycen Martin 0 0 0 0 0 0 0 1 0 2 0/0 19:15 3:17 1:44
Dennis Gilbert 0 1 1 1 2 5 1 3 0 0 0/0 28:41 4:55 1:12
Dmitri Samorukov 0 0 0 0 0 0 0 1 0 2 0/0 22:50 3:17 1:27
Henri Ikonen 0 0 0 0 0 1 1 0 1 0 0/1 11:10 0:16 0:16
Jaden Lindo 0 0 0 -1 0 0 0 3 0 0 0/0 12:58 0:25 0:00
Jakob Forsbacka-Karlsson 0 0 0 0 0 0 2 0 0 0 1/5 10:07 0:00 0:37
Keaton Thompson 0 0 0 1 0 3 0 2 0 1 0/0 24:50 4:55 1:29
Logan Brown 1 1 2 2 2 3 2 0 1 0 5/9 16:04 3:23 0:10
Martin Necas 1 1 2 2 0 1 0 1 0 0 0/0 13:20 0:41 0:00
Mathieu Olivier 0 0 0 0 0 0 0 0 1 0 0/1 13:19 3:23 0:00
Matthew Highmore 0 0 0 0 0 1 1 0 0 0 3/6 10:28 0:00 0:00
Nicholas Baptiste 0 1 1 -2 2 3 2 2 1 1 1/1 20:45 4:24 0:00
Otto Koivula 0 0 0 0 0 1 0 0 0 0 0/0 9:09 0:00 0:00
Simon Bourque 0 0 0 -1 0 0 0 1 0 0 0/0 12:20 0:00 0:00
Tobias Lindberg 0 0 0 0 0 0 1 0 0 0 0/0 9:22 0:00 0:00
Tyler Benson 0 1 1 -2 0 1 2 0 0 1 0/0 22:47 4:15 2:07
Players Stats for Senators
Player Name G A P +/- PIM S H SB GA TA FO MP PP MP PK MP
------------------------------------------------------------------------------------
Brendan Perlini 0 0 0 -1 0 2 2 0 1 0 0/1 13:29 0:00 2:04
C.J Suess 0 0 0 0 0 0 0 0 0 0 0/0 8:01 0:00 0:01
Christoph Bertschy 1 1 2 1 0 6 1 0 0 0 23/40 23:04 1:19 4:48
David Kase 0 0 0 0 0 0 2 0 0 0 0/0 7:18 0:00 0:00
Dmitry Sinitsyn 1 0 1 -1 0 3 4 5 1 3 0/0 28:16 1:45 4:56
Grant Besse 0 0 0 -1 2 3 3 0 0 0 0/0 10:59 0:00 0:00
Jacob De La Rose 1 1 2 0 0 1 2 0 0 0 4/12 18:37 1:37 3:13
Johan Larsson 0 0 0 0 0 0 0 0 0 0 0/0 0:00 0:00 0:00
Jonas Siegenthaler 0 0 0 1 0 0 0 1 0 1 0/0 12:20 0:00 0:14
Joonas Lyytinen 0 1 1 0 0 0 0 0 1 0 0/0 19:53 1:11 3:35
Keegan Lowe 0 1 1 -1 0 3 3 0 0 1 0/0 28:01 1:45 4:37
Kevin Rooney 0 0 0 -1 0 1 1 0 1 0 3/5 11:11 0:00 0:11
Mason Geertsen 0 1 1 1 2 0 2 0 0 0 0/0 13:41 0:00 1:07
Michael McCarron 0 0 0 0 0 0 1 0 0 0 2/3 7:08 0:00 0:00
Nikita Nesterov 0 1 1 0 4 0 0 1 2 0 0/0 18:51 1:11 1:55
Oliver Bjorkstrand 0 0 0 0 0 3 1 0 1 1 0/0 14:17 1:37 0:00
Tyler Pitlick 0 1 1 1 0 3 0 1 0 0 0/1 17:57 1:19 0:00
Vitaly Abramov 0 0 0 0 0 0 0 0 0 0 0/0 0:00 0:00 0:00
Zachary Sanford 1 1 2 1 0 11 4 0 1 1 0/0 22:55 1:19 4:49
Zemgus Girgensons 1 0 1 0 2 2 1 0 0 0 0/0 15:45 1:37 1:18
3 Stars
1 - Zachary Sanford (Bel)
2 - Christoph Bertschy (Bel)
3 - Jacob De La Rose (Bel)
Power Play
Marlies - 1 on 5 Attempt(s) - 20.00%
Senators - 3 on 3 Attempt(s) - 100.00%
Penalty Kill
Marlies - 0 on 3 Attempt(s) - 0.00%
- Score 0 goal in Penalty Kill
Senators - 4 on 5 Attempt(s) - 80.00%
- Score 0 goal in Penalty Kill
Team Stat
Marlies - Hits : 14 - Faceoff Wins : 30 - Blocked Shots : 14 - Penalty Minutes : 6
Senators - Hits : 27 - Faceoff Wins : 32 - Blocked Shots : 8 - Penalty Minutes : 10
Official
Referees : Corey Syvret and Wes McCauley
Linesman : Mark Shewchyk and Ryan Galloway
Game Notes
19:32 of 2nd period - Marlies goal is going for a video replay. After video review, No Goal. The goalkeeper has been pushed into the net together with the puck after making a save.
Finance
Level 1 -- Attendance: 1932 (96.60%) -- Ticket Income $67,620
Level 2 -- Attendance: 989 (98.90%) -- Ticket Income $14,835
Total Attendance: 2921 (97.37%)
Total Ticket Income: $82,455
Other Income: $4,123
Total Income: $86,578
Marlies
5 vs 5 Forward
Center Left Wing Right Wing Time % Phy DF OF
1 Aleksi Saarela Tyler Benson Nicholas Baptiste 40 1 2 2
2 Logan Brown Alex Formenton Martin Necas 30 1 2 2
3 Matthew Highmore Henri Ikonen Mathieu Olivier 20 1 2 2
4 Jakob Forsbacka-Karlsson Otto Koivula Tobias Lindberg 10 1 2 2
5 vs 5 Defense
Defense Defense Time % Phy DF OF
1 Keaton Thompson Dennis Gilbert 40 1 2 2
2 Dmitri Samorukov Brycen Martin 30 1 2 2
3 Simon Bourque Jaden Lindo 20 1 2 2
4 Dennis Gilbert Dmitri Samorukov 10 1 2 2
PowerPlay Forward
Center Left Wing Right Wing Time % Phy DF OF
1 Aleksi Saarela Tyler Benson Nicholas Baptiste 60 1 2 2
2 Logan Brown Alex Formenton Mathieu Olivier 40 1 2 2
PowerPlay Defense
Defense Defense Time % Phy DF OF
1 Keaton Thompson Dennis Gilbert 60 1 2 2
2 Dmitri Samorukov Brycen Martin 40 1 2 2
Penalty Kill 4 Players Forward
Center Wing Time % Phy DF OF
1 Aleksi Saarela Tyler Benson 60 1 2 2
2 Logan Brown Alex Formenton 40 1 2 2
Penalty Kill 4 Players Defense
Defense Defense Time % Phy DF OF
1 Keaton Thompson Dennis Gilbert 60 1 2 2
2 Dmitri Samorukov Brycen Martin 40 1 2 2
Penalty Kill - 3 Players Forward
Forward Time % Phy DF OF
1 Aleksi Saarela 60 1 2 2
2 Logan Brown 40 1 2 2
Penalty Kill - 3 Players Defense
Defense Defense Time % Phy DF OF
1 Keaton Thompson Dennis Gilbert 60 1 2 2
2 Dmitri Samorukov Brycen Martin 40 1 2 2
4 vs 4 Forward
Center Wing Time % Phy DF OF
1 Aleksi Saarela Tyler Benson 60 1 2 2
2 Logan Brown Alex Formenton 40 1 2 2
4 vs 4 Defense
Defense Defense Time % Phy DF OF
1 Keaton Thompson Dennis Gilbert 60 1 2 2
2 Dmitri Samorukov Brycen Martin 40 1 2 2
Last Minutes Offensive
Center Left Wing Right Wing Defense Defense
Aleksi Saarela Tyler Benson Nicholas Baptiste Keaton Thompson Dennis Gilbert
Last Minutes Defensive
Center Left Wing Right Wing Defense Defense
Aleksi Saarela Tyler Benson Nicholas Baptiste Keaton Thompson Dennis Gilbert
Goaltenders
Starting : Charlie Lindgren
Backup : Logan Thompson
Extra Forwards
Normal : Tyler Benson, Martin Necas, Matthew Highmore - PP : Tyler Benson, Martin Necas - PK : Tyler Benson
Extra Defensemen
Normal : Dmitri Samorukov, Brycen Martin, Simon Bourque - PP : Dmitri Samorukov - PK : Dmitri Samorukov, Brycen Martin
Penalty Shots
Nicholas Baptiste, Aleksi Saarela, Logan Brown, Mathieu Olivier, Tyler Benson
Scratches
Marc McLaughlin (Healthy), Jeff Corbett (Lower Body Injury), Radovan Bondra (Healthy), Mike Hardman (Healthy), Valentin Zykov (Torn Right Knee Ligaments Injury)
Lucas Carlsson (Healthy), Jonathan Davidsson (Healthy)
Senators
5 vs 5 Forward
Center Left Wing Right Wing Time % Phy DF OF
1 Christoph Bertschy Zachary Sanford Tyler Pitlick 40 0 2 3
2 Jacob De La Rose Zemgus Girgensons Oliver Bjorkstrand 30 0 2 3
3 Kevin Rooney Brendan Perlini Grant Besse 20 1 2 2
4 Michael McCarron C.J Suess David Kase 10 1 2 2
5 vs 5 Defense
Defense Defense Time % Phy DF OF
1 Dmitry Sinitsyn Keegan Lowe 40 1 2 2
2 Joonas Lyytinen Nikita Nesterov 30 1 2 2
3 Mason Geertsen Jonas Siegenthaler 20 1 2 2
4 Dmitry Sinitsyn Keegan Lowe 10 1 2 2
PowerPlay Forward
Center Left Wing Right Wing Time % Phy DF OF
1 Christoph Bertschy Zachary Sanford Tyler Pitlick 50 0 1 4
2 Jacob De La Rose Zemgus Girgensons Oliver Bjorkstrand 50 0 1 4
PowerPlay Defense
Defense Defense Time % Phy DF OF
1 Dmitry Sinitsyn Keegan Lowe 60 0 1 4
2 Joonas Lyytinen Nikita Nesterov 40 0 1 4
Penalty Kill 4 Players Forward
Center Wing Time % Phy DF OF
1 Christoph Bertschy Zachary Sanford 60 1 3 1
2 Jacob De La Rose Zemgus Girgensons 40 1 3 1
Penalty Kill 4 Players Defense
Defense Defense Time % Phy DF OF
1 Dmitry Sinitsyn Keegan Lowe 60 1 3 1
2 Joonas Lyytinen Nikita Nesterov 40 1 3 1
Penalty Kill - 3 Players Forward
Forward Time % Phy DF OF
1 Christoph Bertschy 60 1 3 1
2 Jacob De La Rose 40 1 3 1
Penalty Kill - 3 Players Defense
Defense Defense Time % Phy DF OF
1 Dmitry Sinitsyn Keegan Lowe 60 1 3 1
2 Joonas Lyytinen Nikita Nesterov 40 1 3 1
4 vs 4 Forward
Center Wing Time % Phy DF OF
1 Christoph Bertschy Zachary Sanford 60 1 2 2
2 Jacob De La Rose Zemgus Girgensons 40 1 2 2
4 vs 4 Defense
Defense Defense Time % Phy DF OF
1 Dmitry Sinitsyn Keegan Lowe 60 1 2 2
2 Joonas Lyytinen Nikita Nesterov 40 1 2 2
Last Minutes Offensive
Center Left Wing Right Wing Defense Defense
Christoph Bertschy Zachary Sanford Tyler Pitlick Dmitry Sinitsyn Keegan Lowe
Last Minutes Defensive
Center Left Wing Right Wing Defense Defense
Christoph Bertschy Zachary Sanford Tyler Pitlick Dmitry Sinitsyn Keegan Lowe
Goaltenders
Starting : Garret Sparks
Backup : Eric Comrie
Extra Forwards
Normal : Christoph Bertschy, Jacob De La Rose, Brendan Perlini - PP : Christoph Bertschy, Jacob De La Rose - PK : Christoph Bertschy
Extra Defensemen
Normal : Nikita Nesterov, Mason Geertsen, Jonas Siegenthaler - PP : Nikita Nesterov - PK : Nikita Nesterov, Mason Geertsen
Penalty Shots
Tyler Pitlick, Zachary Sanford, Zemgus Girgensons, Oliver Bjorkstrand, Christoph Bertschy
Scratches
Gustav Forsling (Healthy), Arttu Ruotsalainen (Healthy), Cliff Pu (Healthy), Michael Pezzetta (Healthy), Bryce Kindopp (Healthy)
Olle Eriksson Ek (Healthy), Scott Wedgewood (Healthy), David Rittich (Healthy)
% Time on Ice - Marlies
Lines # - Real PCT - Wanted PCT - Time Play
Normal Forward
1 - 35% - 40% - 16:52
2 - 26% - 30% - 12:45
3 - 21% - 20% - 10:06
4 - 19% - 10% - 9:09
Normal Defense
1 - 38% - 40% - 18:26
2 - 29% - 30% - 13:57
3 - 25% - 20% - 12:20
4 - 8% - 10% - 4:09
PP Forward
1 - 59% - 60% - 4:49
2 - 41% - 40% - 3:23
PP Defense
1 - 60% - 60% - 4:55
2 - 40% - 40% - 3:17
PK Forward
1 - 81% - 60% - 2:23
2 - 19% - 40% - 0:33
PK Defense
1 - 51% - 60% - 1:29
2 - 49% - 40% - 1:27
PK3 Forward
1 - 0% - 60%
2 - 0% - 40%
PK3 Defense
1 - 0% - 60%
2 - 0% - 40%
44 Forward
1 - 0% - 60%
2 - 0% - 40%
44 Defense
1 - 0% - 60%
2 - 0% - 40%
Last Minute Offensive - 0:00
Last Minute Defensive - 0:00
Total
Forward - 60:00
Defense - 60:00
|
% Time on Ice - Senators
Lines # - Real PCT - Wanted PCT - Time Play
Normal Forward
1 - 37% - 40% - 17:53
2 - 26% - 30% - 12:51
3 - 23% - 20% - 11:00
4 - 15% - 10% - 7:08
Normal Defense
1 - 40% - 40% - 19:35
2 - 31% - 30% - 15:07
3 - 25% - 20% - 12:06
4 - 4% - 10% - 2:04
PP Forward
1 - 45% - 50% - 1:19
2 - 55% - 50% - 1:37
PP Defense
1 - 60% - 60% - 1:45
2 - 40% - 40% - 1:11
PK Forward
1 - 74% - 60% - 6:03
2 - 26% - 40% - 2:09
PK Defense
1 - 56% - 60% - 4:37
2 - 44% - 40% - 3:35
PK3 Forward
1 - 0% - 60%
2 - 0% - 40%
PK3 Defense
1 - 0% - 60%
2 - 0% - 40%
44 Forward
1 - 0% - 60%
2 - 0% - 40%
44 Defense
1 - 0% - 60%
2 - 0% - 40%
Last Minute Offensive - 0:00
Last Minute Defensive - 0:00
Total
Forward - 60:00
Defense - 60:00
|
Play-by-Play
1st period
0:01 of 1st period - Christoph Bertschy wins face-off versus Aleksi Saarela in neutral zone.
0:06 of 1st period - Slapshot by Tyler Pitlick.
0:06 of 1st period - Shot Blocked by Nicholas Baptiste.
0:35 of 1st period - Slapshot by Keegan Lowe.
0:35 of 1st period - Stopped by Charlie Lindgren without a rebound.
0:36 of 1st period - Kevin Rooney wins face-off versus Matthew Highmore in Marlies zone.
1:08 of 1st period - Icing by Tobias Lindberg.
1:09 of 1st period - Christoph Bertschy wins face-off versus Jakob Forsbacka-Karlsson in Marlies zone.
1:44 of 1st period - Snap shot by Logan Brown.
1:44 of 1st period - Shot Blocked by Jonas Siegenthaler.
2:00 of 1st period - Snap shot by Matthew Highmore.
2:00 of 1st period - Stopped by Garret Sparks with a rebound.
2:02 of 1st period - Slapshot by Simon Bourque.
2:02 of 1st period - Shot Misses the Net.
2:10 of 1st period - Wrist shot by Mathieu Olivier.
2:10 of 1st period - Shot Misses the Net.
2:16 of 1st period - Minor Penalty to Mason Geertsen for Hooking.
2:17 of 1st period - Christoph Bertschy wins face-off versus Aleksi Saarela in Senators zone.
2:30 of 1st period - Tyler Benson is hit by Zachary Sanford and loses puck.
2:53 of 1st period - Slapshot by Logan Brown.
2:53 of 1st period - Shot Misses the Net.
3:55 of 1st period - Icing by Dennis Gilbert.
3:56 of 1st period - Logan Brown wins face-off versus Jacob De La Rose in Marlies zone.
4:16 of 1st period - Penalty to Mason Geertsen is over, Mason Geertsen is back on ice.
4:34 of 1st period - Grant Besse is hit by Jakob Forsbacka-Karlsson and loses puck.
5:30 of 1st period - Tobias Lindberg is hit by Zachary Sanford.
5:37 of 1st period - Icing by Keaton Thompson.
5:38 of 1st period - Michael McCarron wins face-off versus Jakob Forsbacka-Karlsson in Marlies zone.
5:39 of 1st period - Snap shot by Dmitry Sinitsyn.
5:39 of 1st period - Shot Blocked by Dennis Gilbert.
5:55 of 1st period - Snap shot by Jakob Forsbacka-Karlsson.
5:55 of 1st period - Shot Misses the Net.
6:01 of 1st period - Wrist shot by Tobias Lindberg.
6:01 of 1st period - Shot Misses the Net.
6:03 of 1st period - Slapshot by Dennis Gilbert.
6:03 of 1st period - Shot Blocked by Dmitry Sinitsyn.
6:05 of 1st period - Slapshot by Dennis Gilbert.
6:05 of 1st period - Stopped by Garret Sparks with a rebound.
6:07 of 1st period - Wrist shot by Jakob Forsbacka-Karlsson.
6:07 of 1st period - Shot Misses the Net.
6:19 of 1st period - Wrist shot by Tobias Lindberg.
6:19 of 1st period - Shot Misses the Net.
6:21 of 1st period - Slapshot by Dennis Gilbert.
6:21 of 1st period - Stopped by Garret Sparks with a rebound.
6:23 of 1st period - Slapshot by Dennis Gilbert.
6:23 of 1st period - Stopped by Garret Sparks with a rebound.
6:25 of 1st period - Slapshot by Dennis Gilbert.
6:25 of 1st period - Stopped by Garret Sparks with a rebound.
6:29 of 1st period - Slapshot by Tobias Lindberg.
6:29 of 1st period - Shot Misses the Net.
6:41 of 1st period - Backhand shot by Keaton Thompson.
6:41 of 1st period - Shot Blocked by Dmitry Sinitsyn.
6:43 of 1st period - Slapshot by Keaton Thompson.
6:43 of 1st period - Stopped by Garret Sparks without a rebound.
6:44 of 1st period - Aleksi Saarela wins face-off versus Tyler Pitlick in Senators zone.
8:34 of 1st period - Snap shot by C.J Suess.
8:34 of 1st period - Shot Misses the Net.
8:48 of 1st period - Brycen Martin is hit by Grant Besse and loses puck.
8:55 of 1st period - Slapshot by Aleksi Saarela.
8:55 of 1st period - Stopped by Garret Sparks with a rebound.
8:57 of 1st period - Wrist shot by Tyler Benson.
8:57 of 1st period - Stopped by Garret Sparks without a rebound.
8:58 of 1st period - Aleksi Saarela wins face-off versus Christoph Bertschy in Senators zone.
8:59 of 1st period - Wrist shot by Nicholas Baptiste.
8:59 of 1st period - Shot Blocked by Dmitry Sinitsyn.
9:09 of 1st period - Snap shot by Zachary Sanford.
9:09 of 1st period - Goal by Zachary Sanford - Marlies : 0 - Senators : 1.
9:10 of 1st period - Christoph Bertschy wins face-off versus Aleksi Saarela in neutral zone.
9:13 of 1st period - Wrist shot by Tyler Pitlick.
9:13 of 1st period - Shot Blocked by Dennis Gilbert.
9:15 of 1st period - Slapshot by Zachary Sanford.
9:15 of 1st period - Stopped by Charlie Lindgren without a rebound.
9:16 of 1st period - Aleksi Saarela wins face-off versus Christoph Bertschy in Marlies zone.
9:21 of 1st period - Snap shot by Zachary Sanford.
9:21 of 1st period - Deflect By Christoph Bertschy.
9:21 of 1st period - Shot Misses the Net.
9:21 of 1st period - Puck is out of play.
9:22 of 1st period - Christoph Bertschy wins face-off versus Aleksi Saarela in Marlies zone.
9:49 of 1st period - Dennis Gilbert is hit by Dmitry Sinitsyn.
10:12 of 1st period - Wrist shot by Brendan Perlini.
10:12 of 1st period - Shot Misses the Net.
10:14 of 1st period - Snap shot by Dmitry Sinitsyn.
10:14 of 1st period - Shot Blocked by Jaden Lindo.
10:18 of 1st period - Snap shot by Brendan Perlini.
10:18 of 1st period - Stopped by Charlie Lindgren with a rebound.
10:20 of 1st period - Snap shot by Brendan Perlini.
10:20 of 1st period - Shot Blocked by Simon Bourque.
10:22 of 1st period - Wrist shot by Kevin Rooney.
10:22 of 1st period - Deflect By Brendan Perlini.
10:22 of 1st period - Shot Misses the Net.
10:22 of 1st period - Puck is out of play.
10:23 of 1st period - Christoph Bertschy wins face-off versus Aleksi Saarela in Marlies zone.
10:37 of 1st period - Minor Penalty to Nicholas Baptiste for Holding Stick.
10:38 of 1st period - Aleksi Saarela wins face-off versus Christoph Bertschy in Marlies zone.
10:54 of 1st period - Slapshot by Zachary Sanford.
10:54 of 1st period - Stopped by Charlie Lindgren without a rebound.
10:55 of 1st period - Jacob De La Rose wins face-off versus Aleksi Saarela in Marlies zone.
10:56 of 1st period - Slapshot by Zemgus Girgensons.
10:56 of 1st period - Shot Misses the Net.
10:58 of 1st period - Snap shot by Zemgus Girgensons.
10:58 of 1st period - Goal by Zemgus Girgensons - Marlies : 0 - Senators : 2.
10:59 of 1st period - Aleksi Saarela wins face-off versus Christoph Bertschy in neutral zone.
11:04 of 1st period - Wrist shot by Nicholas Baptiste.
11:04 of 1st period - Stopped by Garret Sparks with a rebound.
11:06 of 1st period - Slapshot by Dennis Gilbert.
11:06 of 1st period - Stopped by Garret Sparks without a rebound.
11:07 of 1st period - Aleksi Saarela wins face-off versus Christoph Bertschy in Senators zone.
11:14 of 1st period - Slapshot by Aleksi Saarela.
11:14 of 1st period - Stopped by Garret Sparks without a rebound.
11:15 of 1st period - Christoph Bertschy wins face-off versus Aleksi Saarela in Senators zone.
11:26 of 1st period - Snap shot by Tyler Pitlick.
11:26 of 1st period - Stopped by Charlie Lindgren with a rebound.
11:30 of 1st period - Snap shot by Tyler Pitlick.
11:30 of 1st period - Stopped by Charlie Lindgren with a rebound.
11:32 of 1st period - Backhand shot by Tyler Pitlick.
11:32 of 1st period - Stopped by Charlie Lindgren with a rebound.
11:51 of 1st period - Wrist shot by Martin Necas.
11:51 of 1st period - Shot Misses the Net.
11:53 of 1st period - Wrist shot by Logan Brown.
11:53 of 1st period - Goal by Logan Brown - Marlies : 1 - Senators : 2.
11:54 of 1st period - Christoph Bertschy wins face-off versus Aleksi Saarela in neutral zone.
11:57 of 1st period - Nicholas Baptiste is hit by Zachary Sanford and loses puck.
12:02 of 1st period - Wrist shot by Zachary Sanford.
12:02 of 1st period - Stopped by Charlie Lindgren with a rebound.
12:06 of 1st period - Slapshot by Zachary Sanford.
12:06 of 1st period - Shot Blocked by Nicholas Baptiste.
12:30 of 1st period - Snap shot by Jacob De La Rose.
12:30 of 1st period - Shot Misses the Net.
12:48 of 1st period - Simon Bourque is hit by Michael McCarron and loses puck.
13:13 of 1st period - Wrist shot by Otto Koivula.
13:13 of 1st period - Shot Misses the Net.
14:04 of 1st period - Off-side.
14:05 of 1st period - Michael McCarron wins face-off versus Mathieu Olivier in neutral zone.
14:08 of 1st period - Snap shot by C.J Suess.
14:08 of 1st period - Deflect By Mathieu Olivier.
14:08 of 1st period - Shot Blocked by Brycen Martin.
14:08 of 1st period - Puck is out of play.
14:09 of 1st period - Matthew Highmore wins face-off versus Michael McCarron in Marlies zone.
14:17 of 1st period - Off-side.
14:18 of 1st period - Christoph Bertschy wins face-off versus Aleksi Saarela in neutral zone.
15:06 of 1st period - Joonas Lyytinen is hit by Tobias Lindberg and loses puck.
15:15 of 1st period - Wrist shot by Brendan Perlini.
15:15 of 1st period - Shot Misses the Net.
15:25 of 1st period - Dmitri Samorukov is hit by David Kase and loses puck.
15:53 of 1st period - Slapshot by Christoph Bertschy.
15:53 of 1st period - Stopped by Charlie Lindgren without a rebound.
15:54 of 1st period - Aleksi Saarela wins face-off versus Jacob De La Rose in Marlies zone.
16:05 of 1st period - Nicholas Baptiste is hit by Oliver Bjorkstrand.
16:40 of 1st period - Wrist shot by Zachary Sanford.
16:40 of 1st period - Stopped by Charlie Lindgren with a rebound.
16:42 of 1st period - Slapshot by Brendan Perlini.
16:42 of 1st period - Stopped by Charlie Lindgren with a rebound.
18:43 of 1st period - Snap shot by Oliver Bjorkstrand.
18:43 of 1st period - Shot Blocked by Jaden Lindo.
19:05 of 1st period - Simon Bourque is hit by Mason Geertsen and loses puck.
19:32 of 1st period - Kevin Rooney is hit by Henri Ikonen and loses puck.
Goals for this period are 1 for Marlies vs 2 for Senators.
Shots for this period are 12 for Marlies vs 13 for Senators.
2nd period
0:01 of 2nd period - Aleksi Saarela wins face-off versus Christoph Bertschy in neutral zone.
0:10 of 2nd period - Slapshot by Christoph Bertschy.
0:10 of 2nd period - Deflect By Keaton Thompson.
0:10 of 2nd period - Stopped by Charlie Lindgren without a rebound.
0:11 of 2nd period - Aleksi Saarela wins face-off versus Christoph Bertschy in Marlies zone.
0:18 of 2nd period - Wrist shot by Nicholas Baptiste.
0:18 of 2nd period - Stopped by Garret Sparks without a rebound.
0:19 of 2nd period - Christoph Bertschy wins face-off versus Aleksi Saarela in Senators zone.
0:28 of 2nd period - Zachary Sanford is hit by Dennis Gilbert and loses puck.
0:37 of 2nd period - Aleksi Saarela is hit by Keegan Lowe and loses puck.
1:02 of 2nd period - Snap shot by Christoph Bertschy.
1:02 of 2nd period - Deflect By Zachary Sanford.
1:02 of 2nd period - Stopped by Charlie Lindgren with a rebound.
1:04 of 2nd period - Wrist shot by Christoph Bertschy.
1:04 of 2nd period - Stopped by Charlie Lindgren with a rebound.
1:06 of 2nd period - Snap shot by Zachary Sanford.
1:06 of 2nd period - Stopped by Charlie Lindgren without a rebound.
1:07 of 2nd period - Alex Formenton wins face-off versus Jacob De La Rose in Marlies zone.
1:22 of 2nd period - Slapshot by Logan Brown.
1:22 of 2nd period - Stopped by Garret Sparks without a rebound.
1:23 of 2nd period - Matthew Highmore wins face-off versus Kevin Rooney in Senators zone.
1:26 of 2nd period - Wrist shot by Henri Ikonen.
1:26 of 2nd period - Stopped by Garret Sparks with a rebound.
1:55 of 2nd period - Wrist shot by Zemgus Girgensons.
1:55 of 2nd period - Shot Misses the Net.
2:36 of 2nd period - Dmitry Sinitsyn is hit by Nicholas Baptiste.
2:55 of 2nd period - Off-side.
2:56 of 2nd period - Matthew Highmore wins face-off versus Jacob De La Rose in neutral zone.
4:57 of 2nd period - Slapshot by Logan Brown.
4:57 of 2nd period - Shot Blocked by Tyler Pitlick.
4:59 of 2nd period - Slapshot by Alex Formenton.
4:59 of 2nd period - Stopped by Garret Sparks with a rebound.
5:09 of 2nd period - Christoph Bertschy is hit by Aleksi Saarela and loses puck.
6:10 of 2nd period - Snap shot by Michael McCarron.
6:10 of 2nd period - Shot Misses the Net.
6:31 of 2nd period - Off-side.
6:32 of 2nd period - Kevin Rooney wins face-off versus Aleksi Saarela in neutral zone.
6:57 of 2nd period - Snap shot by Nicholas Baptiste.
6:57 of 2nd period - Shot Misses the Net.
7:13 of 2nd period - Minor Penalty to Dennis Gilbert for Interference.
7:14 of 2nd period - Aleksi Saarela wins face-off versus Jacob De La Rose in Marlies zone.
7:55 of 2nd period - Slapshot by Nikita Nesterov.
7:55 of 2nd period - Shot Misses the Net.
7:57 of 2nd period - Slapshot by Joonas Lyytinen.
7:57 of 2nd period - Deflect By Christoph Bertschy.
7:57 of 2nd period - Goal by Christoph Bertschy - Marlies : 1 - Senators : 3.
7:58 of 2nd period - Christoph Bertschy wins face-off versus Aleksi Saarela in neutral zone.
8:05 of 2nd period - Snap shot by Zachary Sanford.
8:05 of 2nd period - Stopped by Charlie Lindgren without a rebound.
8:06 of 2nd period - Nicholas Baptiste wins face-off versus Christoph Bertschy in Marlies zone.
8:06 of 2nd period - Nicholas Baptiste is hit by Keegan Lowe.
8:24 of 2nd period - Snap shot by Christoph Bertschy.
8:24 of 2nd period - Shot Misses the Net.
8:26 of 2nd period - Slapshot by Zachary Sanford.
8:26 of 2nd period - Stopped by Charlie Lindgren without a rebound.
8:27 of 2nd period - Logan Brown wins face-off versus Jacob De La Rose in Marlies zone.
8:40 of 2nd period - Snap shot by Logan Brown.
8:40 of 2nd period - Stopped by Garret Sparks without a rebound.
8:41 of 2nd period - Christoph Bertschy wins face-off versus Aleksi Saarela in Senators zone.
9:16 of 2nd period - Jacob De La Rose is hit by Logan Brown and loses puck.
9:35 of 2nd period - Dmitri Samorukov is hit by Kevin Rooney and loses puck.
10:17 of 2nd period - Slapshot by Jacob De La Rose.
10:17 of 2nd period - Shot Blocked by Jaden Lindo.
10:19 of 2nd period - Snap shot by Jacob De La Rose.
10:19 of 2nd period - Goal by Jacob De La Rose - Marlies : 1 - Senators : 4.
10:20 of 2nd period - Christoph Bertschy wins face-off versus Aleksi Saarela in neutral zone.
10:47 of 2nd period - Simon Bourque is hit by Jacob De La Rose and loses puck.
11:21 of 2nd period - Minor Penalty to Grant Besse for High sticking.
11:22 of 2nd period - Aleksi Saarela wins face-off versus Christoph Bertschy in Senators zone.
11:37 of 2nd period - Wrist shot by Aleksi Saarela.
11:37 of 2nd period - Goal by Aleksi Saarela - Marlies : 2 - Senators : 4.
11:38 of 2nd period - Aleksi Saarela wins face-off versus Christoph Bertschy in neutral zone.
11:50 of 2nd period - Off-side.
11:51 of 2nd period - Aleksi Saarela wins face-off versus Christoph Bertschy in neutral zone.
12:50 of 2nd period - Snap shot by Grant Besse.
12:50 of 2nd period - Stopped by Charlie Lindgren without a rebound.
12:51 of 2nd period - Jakob Forsbacka-Karlsson wins face-off versus Kevin Rooney in Marlies zone.
12:51 of 2nd period - Jakob Forsbacka-Karlsson is hit by Brendan Perlini.
13:06 of 2nd period - Otto Koivula is hit by Brendan Perlini and loses puck.
13:13 of 2nd period - Slapshot by Otto Koivula.
13:13 of 2nd period - Stopped by Garret Sparks without a rebound.
13:14 of 2nd period - Christoph Bertschy wins face-off versus Aleksi Saarela in Senators zone.
13:29 of 2nd period - Snap shot by Zachary Sanford.
13:29 of 2nd period - Stopped by Charlie Lindgren with a rebound.
13:31 of 2nd period - Wrist shot by Dmitry Sinitsyn.
13:31 of 2nd period - Shot Misses the Net.
14:26 of 2nd period - Snap shot by Nicholas Baptiste.
14:26 of 2nd period - Stopped by Garret Sparks without a rebound.
14:27 of 2nd period - Christoph Bertschy wins face-off versus Logan Brown in Senators zone.
14:42 of 2nd period - Wrist shot by Martin Necas.
14:42 of 2nd period - Shot Misses the Net.
14:48 of 2nd period - Minor Penalty to Nikita Nesterov for Holding.
14:49 of 2nd period - Logan Brown wins face-off versus Christoph Bertschy in Senators zone.
15:10 of 2nd period - Christoph Bertschy is hit by Alex Formenton and loses puck.
15:27 of 2nd period - Tyler Benson is hit by Christoph Bertschy and loses puck.
16:48 of 2nd period - Penalty to Nikita Nesterov is over, Nikita Nesterov is back on ice.
17:02 of 2nd period - Jacob De La Rose is hit by Jakob Forsbacka-Karlsson and loses puck.
17:11 of 2nd period - Dmitri Samorukov is hit by Mason Geertsen and loses puck.
17:39 of 2nd period - Slapshot by Keaton Thompson.
17:39 of 2nd period - Stopped by Garret Sparks without a rebound.
17:40 of 2nd period - Kevin Rooney wins face-off versus Logan Brown in Senators zone.
17:49 of 2nd period - Snap shot by Martin Necas.
17:49 of 2nd period - Goal by Martin Necas - Marlies : 3 - Senators : 4.
17:50 of 2nd period - Christoph Bertschy wins face-off versus Logan Brown in neutral zone.
17:52 of 2nd period - Off-side.
17:53 of 2nd period - Christoph Bertschy wins face-off versus Logan Brown in neutral zone.
18:00 of 2nd period - Snap shot by Zachary Sanford.
18:00 of 2nd period - Shot Misses the Net.
18:02 of 2nd period - Wrist shot by Tyler Pitlick.
18:02 of 2nd period - Shot Blocked by Martin Necas.
18:04 of 2nd period - Slapshot by Keegan Lowe.
18:04 of 2nd period - Stopped by Charlie Lindgren without a rebound.
18:05 of 2nd period - Aleksi Saarela wins face-off versus Christoph Bertschy in Marlies zone.
18:35 of 2nd period - Slapshot by Dmitry Sinitsyn.
18:35 of 2nd period - Stopped by Charlie Lindgren without a rebound.
18:36 of 2nd period - Logan Brown wins face-off versus Brendan Perlini in Marlies zone.
18:46 of 2nd period - Off-side.
18:47 of 2nd period - Alex Formenton wins face-off versus Jacob De La Rose in neutral zone.
19:00 of 2nd period - Snap shot by Oliver Bjorkstrand.
19:00 of 2nd period - Shot Blocked by Keaton Thompson.
19:14 of 2nd period - Keaton Thompson is hit by Dmitry Sinitsyn and loses puck.
19:19 of 2nd period - Snap shot by Christoph Bertschy.
19:19 of 2nd period - Shot Misses the Net.
19:24 of 2nd period - Minor Penalty to Nikita Nesterov for Tripping.
19:25 of 2nd period - Aleksi Saarela wins face-off versus Christoph Bertschy in Senators zone.
19:26 of 2nd period - Wrist shot by Nicholas Baptiste.
19:26 of 2nd period - Shot Misses the Net.
19:28 of 2nd period - Slapshot by Keaton Thompson.
19:28 of 2nd period - Shot Blocked by Dmitry Sinitsyn.
19:30 of 2nd period - Slapshot by Keaton Thompson.
19:30 of 2nd period - Stopped by Garret Sparks with a rebound.
19:32 of 2nd period - Snap shot by Aleksi Saarela.
19:32 of 2nd period - Marlies goal is going for a video replay.
19:32 of 2nd period - The goal is refused. The goalkeeper has been pushed into the net together with the puck after making a save..
19:33 of 2nd period - Christoph Bertschy wins face-off versus Aleksi Saarela in Senators zone.
Goals for this period are 2 for Marlies vs 2 for Senators.
Shots for this period are 12 for Marlies vs 12 for Senators.
3rd period
0:01 of 3rd period - Aleksi Saarela wins face-off versus Christoph Bertschy in neutral zone.
0:12 of 3rd period - Wrist shot by Christoph Bertschy.
0:12 of 3rd period - Stopped by Charlie Lindgren with a rebound.
1:02 of 3rd period - Joonas Lyytinen is hit by Tyler Benson and loses puck.
1:24 of 3rd period - Penalty to Nikita Nesterov is over, Nikita Nesterov is back on ice.
1:53 of 3rd period - Tobias Lindberg is hit by Dmitry Sinitsyn and loses puck.
2:18 of 3rd period - Snap shot by Henri Ikonen.
2:18 of 3rd period - Shot Misses the Net.
2:52 of 3rd period - Minor Penalty to Logan Brown for Holding.
2:53 of 3rd period - Jacob De La Rose wins face-off versus Aleksi Saarela in Marlies zone.
2:57 of 3rd period - Slapshot by Dmitry Sinitsyn.
2:57 of 3rd period - Shot Blocked by Dennis Gilbert.
2:59 of 3rd period - Slapshot by Keegan Lowe.
2:59 of 3rd period - Deflect By Aleksi Saarela.
2:59 of 3rd period - Stopped by Charlie Lindgren with a rebound.
3:01 of 3rd period - Snap shot by Oliver Bjorkstrand.
3:01 of 3rd period - Stopped by Charlie Lindgren without a rebound.
3:02 of 3rd period - Jacob De La Rose wins face-off versus Aleksi Saarela in Marlies zone.
3:40 of 3rd period - Off-side.
3:41 of 3rd period - Christoph Bertschy wins face-off versus Jakob Forsbacka-Karlsson in neutral zone.
3:58 of 3rd period - Snap shot by Tyler Pitlick.
3:58 of 3rd period - Shot Misses the Net.
4:32 of 3rd period - Icing by Oliver Bjorkstrand.
4:33 of 3rd period - Christoph Bertschy wins face-off versus Jakob Forsbacka-Karlsson in Senators zone.
4:37 of 3rd period - Off-side.
4:38 of 3rd period - Christoph Bertschy wins face-off versus Aleksi Saarela in neutral zone.
4:41 of 3rd period - Snap shot by Tyler Pitlick.
4:41 of 3rd period - Shot Hit the Post.
4:43 of 3rd period - Slapshot by Dmitry Sinitsyn.
4:43 of 3rd period - Goal by Dmitry Sinitsyn - Marlies : 3 - Senators : 5.
4:44 of 3rd period - Aleksi Saarela wins face-off versus Jacob De La Rose in neutral zone.
5:15 of 3rd period - Slapshot by Christoph Bertschy.
5:15 of 3rd period - Stopped by Charlie Lindgren without a rebound.
5:16 of 3rd period - Logan Brown wins face-off versus Christoph Bertschy in Marlies zone.
5:43 of 3rd period - Snap shot by Oliver Bjorkstrand.
5:43 of 3rd period - Shot Misses the Net.
5:45 of 3rd period - Snap shot by Jacob De La Rose.
5:45 of 3rd period - Shot Misses the Net.
5:47 of 3rd period - Backhand shot by Zemgus Girgensons.
5:47 of 3rd period - Stopped by Charlie Lindgren without a rebound.
5:48 of 3rd period - Jacob De La Rose wins face-off versus Henri Ikonen in Marlies zone.
5:51 of 3rd period - Snap shot by Oliver Bjorkstrand.
5:51 of 3rd period - Stopped by Charlie Lindgren with a rebound.
5:53 of 3rd period - Slapshot by Dmitry Sinitsyn.
5:53 of 3rd period - Stopped by Charlie Lindgren with a rebound.
5:59 of 3rd period - Slapshot by Oliver Bjorkstrand.
5:59 of 3rd period - Stopped by Charlie Lindgren with a rebound.
6:01 of 3rd period - Snap shot by Jacob De La Rose.
6:01 of 3rd period - Shot Blocked by Keaton Thompson.
6:47 of 3rd period - Slapshot by Brendan Perlini.
6:47 of 3rd period - Deflect By Kevin Rooney.
6:47 of 3rd period - Stopped by Charlie Lindgren with a rebound.
7:17 of 3rd period - Minor Penalty to Zemgus Girgensons for Tripping.
7:18 of 3rd period - Aleksi Saarela wins face-off versus Christoph Bertschy in Senators zone.
8:21 of 3rd period - Tyler Benson is hit by Dmitry Sinitsyn.
9:17 of 3rd period - Penalty to Zemgus Girgensons is over, Zemgus Girgensons is back on ice.
11:04 of 3rd period - Brycen Martin is hit by Keegan Lowe and loses puck.
11:17 of 3rd period - Brycen Martin is hit by Grant Besse.
13:43 of 3rd period - Wrist shot by Zachary Sanford.
13:43 of 3rd period - Stopped by Charlie Lindgren without a rebound.
13:44 of 3rd period - Christoph Bertschy wins face-off versus Matthew Highmore in Marlies zone.
13:47 of 3rd period - Snap shot by Zachary Sanford.
13:47 of 3rd period - Shot Blocked by Dmitri Samorukov.
14:10 of 3rd period - Dmitri Samorukov is hit by Jacob De La Rose.
14:26 of 3rd period - Kevin Rooney is hit by Nicholas Baptiste and loses puck.
16:01 of 3rd period - Wrist shot by Nicholas Baptiste.
16:01 of 3rd period - Deflect By Brendan Perlini.
16:01 of 3rd period - Shot Blocked by Nikita Nesterov.
16:01 of 3rd period - Puck is out of play.
16:02 of 3rd period - Christoph Bertschy wins face-off versus Matthew Highmore in Senators zone.
16:07 of 3rd period - Jaden Lindo is hit by Zachary Sanford and loses puck.
16:28 of 3rd period - Jaden Lindo is hit by Grant Besse and loses puck.
16:54 of 3rd period - Nicholas Baptiste is hit by Zemgus Girgensons and loses puck.
17:03 of 3rd period - Joonas Lyytinen is hit by Tyler Benson and loses puck.
17:24 of 3rd period - Slapshot by Christoph Bertschy.
17:24 of 3rd period - Shot Misses the Net.
17:52 of 3rd period - Joonas Lyytinen is hit by Logan Brown and loses puck.
18:05 of 3rd period - Martin Necas is hit by David Kase and loses puck.
18:26 of 3rd period - Keegan Lowe is hit by Matthew Highmore and loses puck.
18:35 of 3rd period - Wrist shot by Henri Ikonen.
18:35 of 3rd period - Shot Misses the Net.
18:37 of 3rd period - Slapshot by Dmitri Samorukov.
18:37 of 3rd period - Shot Blocked by Dmitry Sinitsyn.
19:15 of 3rd period - Snap shot by Grant Besse.
19:15 of 3rd period - Stopped by Charlie Lindgren with a rebound.
19:25 of 3rd period - Wrist shot by Grant Besse.
19:25 of 3rd period - Stopped by Charlie Lindgren with a rebound.
Goals for this period are 0 for Marlies vs 1 for Senators.
Shots for this period are 0 for Marlies vs 13 for Senators.